 Dungeon Crawl Stone Soup version 0.21.1-1-g345015fe64 (webtiles) character file.

9622 Ivernyr the Protected (level 11, -2/75 HPs)
             Began as a Demonspawn Skald on Apr 27, 2018.
             Was an Elder of Nemelex Xobeh.
             Slain by a crocodile (7 damage)
             ... on level 1 of the Lair of Beasts on Apr 28, 2018.
             The game lasted 00:52:34 (11673 turns).

Ivernyr the Protected (Demonspawn Skald)           Turns: 11673, Time: 00:52:34

Health: -2/75      AC: 15    Str: 11    XL:     11   Next: 25%
Magic:  17/18      EV: 12    Int: 15    God:    Nemelex Xobeh [****..]
Gold:   512        SH:  3    Dex: 16    Spells: 10/14 levels left

rFire    . . .     SeeInvis +   a - +0 long sword
rCold    . . .     Gourm    .   (no shield)
rNeg     . . .     Faith    .   K - +0 troll leather armour
rPois    .         Spirit   .   (helmet unavailable)
rElec    .         Reflect  +   G - +0 cloak
rCorr    .         Harm     .   m - +1 pair of gloves
MR       .....                  (no boots)
Stlth    +.........             F - +3 amulet of reflection
HPRegen  0.62/turn              A - ring of see invisible
MPRegen  0.16/turn              (no ring)

@: sanguine armour
A: horns 3, demonic guardian 2, spiny 2, sanguine armour 1
a: Triple Draw, Deal Four, Renounce Religion


You were on level 1 of the Lair of Beasts.
You worshipped Nemelex Xobeh.
Nemelex Xobeh was greatly pleased with you.
You were not hungry.

You visited 2 branches of the dungeon, and saw 11 of its levels.

You collected 512 gold pieces.

Inventory:

Hand Weapons
 a - a +0 long sword (weapon)
Armour
 m - a +1 pair of gloves (worn)
 G - a +0 cloak (worn)
 K - a +0 troll leather armour (worn)
Jewellery
 A - a ring of see invisible (left hand)
 F - a +3 amulet of reflection (around neck)
Wands
 y - a wand of paralysis (41)
Scrolls
 e - 4 scrolls of teleportation
 h - 3 scrolls of enchant armour
 i - 2 scrolls of amnesia
 q - a scroll of immolation {unknown}
 z - a scroll of noise {unknown}
 B - a scroll of fog {unknown}
 I - a scroll of acquirement {unknown}
 L - a scroll of fear {unknown}
 M - 2 scrolls of remove curse
 O - 2 scrolls of identify
Potions
 b - a potion of lignification {unknown}
 f - 2 potions of heal wounds {unknown}
 g - a potion of ambrosia {unknown}
 j - a potion of flight {unknown}
 k - 2 potions of degeneration {unknown}
 l - 3 potions of invisibility
 r - a potion of might {unknown}
 s - 2 potions of curing {unknown}
 t - 3 potions of brilliance {unknown}
 u - a potion of resistance {unknown}
 D - 2 potions of agility {unknown}
 E - a potion of mutation {unknown}
 N - 3 potions of cancellation {unknown}
 Q - a potion of magic {unknown}
Books
 c - a book of Battle

   Spells                             Type                      Level
   a - Infusion                       Charms                       1
   b - Shroud of Golubria             Charms/Translocation         2
   c - Song of Slaying                Charms                       2
   d - Spectral Weapon                Hexes/Charms                 3
   e - Regeneration                   Charms/Necromancy            3
 w - a book of Air

   Spells                             Type                      Level
   a - Shock                          Conjuration/Air              1
   b - Swiftness                      Charms/Air                   2
   c - Static Discharge               Conjuration/Air              3
   d - Airstrike                      Air                          4
   e - Lightning Bolt                 Conjuration/Air              5
Miscellaneous
 n - a plain deck of destruction
 o - a legendary deck of summoning
 p - a plain deck of escape
 v - a plain deck of destruction {drawn: 9}
 x - a plain deck of escape {drawn: 3}
 C - a plain deck of destruction
 H - an ornate deck of destruction
 J - a legendary deck of summoning
Comestibles
 d - 15 rations


   Skills:
 - Level 3.1 Fighting
 + Level 7.5 Long Blades
 * Level 10.3 Armour
 - Level 1.7 Dodging
 - Level 2.0 Spellcasting
 + Level 7.7 Charms
 + Level 9.7 Invocations


You had 10 spell levels left.
You knew the following spells:

 Your Spells              Type           Power        Failure   Level  Hunger
a - Shroud of Golubria    Chrm/Tloc      ##........   9%          2    ###....
b - Song of Slaying       Chrm           ###.....     1%          2    ###....


Dungeon Overview and Level Annotations

Branches:
Dungeon (10/15)            Temple (0/1) D:4            Lair (1/6) D:8
    Orc (0/2) D:10

Altars:
Cheibriados
Elyvilon
Fedhas
Gozag
Nemelex Xobeh
Okawaru
Qazlal
Ru
Trog
Xom
Zin

Shops:
D:5 [!   D:7 %   D:10 }

Annotations:
D:10 Sonja


Innate Abilities, Weirdness & Mutations

You have a pair of large horns on your head.
A demonic guardian rushes to your aid.
You are mostly covered in sharp spines.
When seriously injured, your bleeding wounds create armour. (AC +6)


Message History

The komodo dragon misses you.
You hit the komodo dragon. You headbutt the komodo dragon.
The komodo dragon is almost dead.
The komodo dragon is struck by your spines.
You kill the komodo dragon!
You see here a komodo dragon corpse.
You butcher the komodo dragon corpse.
Things that are here:
5 chunks of flesh; a komodo dragon skeleton Eat one of 5 chunks of flesh? (ye/n/q)
You eat one of the 5 chunks of flesh.
This raw flesh tastes terrible.
You hit the crocodile. You headbutt the crocodile.
The crocodile is moderately wounded.
The crocodile bites you!
* * * LOW HITPOINT WARNING * * *
Your shroud falls apart!
You draw a card...
It is the Tomb.
Walls emerge from the floor!
The crocodile bites you!
You die...
Your body disappears without a glow.

...##..........###
.#...............
#..............###
................#
...............#
...............# .
...............## ...
.............##P#.(.⌠.
.........##..t@.......
.......#####.####.#...
....#.# #.#### ..
.#### #..# . ##.# #.⌠
... ⌠.>


You could see a crocodile.

Vanquished Creatures
  A two-headed ogre (D:9)
  An unseen horror (D:10)
  A spiny frog (Lair:1)
  A komodo dragon (Lair:1)
  A merfolk (D:10)
  A troll (D:10)
  4 hippogriffs
  A meliai zombie (D:7)
  2 wraiths (D:10)
  A water moccasin (D:10)
  3 porcupines (D:8)
  A sky beast (D:7)
  A black bear (D:8)
  An orc warrior (D:8)
  2 ice beasts
  2 phantoms
  6 centaurs
  2 ogres
  3 wolves (D:10)
  2 crocodiles
  A big kobold (D:7)
  9 bullfrogs
  2 water moccasin skeletons
  4 scorpions
  4 wights (D:6)
  4 crimson imps
  2 bullfrog skeletons
  3 centaur skeletons
  5 orc wizards
  2 orc priests
  5 hounds
  3 iguanas
  Terence (D:2)
  2 worker ants (D:9)
  A killer bee zombie (D:6)
  A hound skeleton (D:4)
  A howler monkey zombie (D:8)
  Robin (D:2)
  7 adders
  6 gnolls
  An ooze (D:2)
  2 adder zombies
  A worm (D:5)
  7 leopard geckos
  21 orcs
  12 goblins
  7 hobgoblins
  7 jackals
  8 quokkas
  8 bats
  3 frilled lizards
  2 giant cockroaches
  8 kobolds
  A leopard gecko skeleton (D:5)
  2 leopard gecko zombies (D:6)
  3 rats
194 creatures vanquished.

Vanquished Creatures (collateral kills)
  Josephine (D:10)
  A two-headed ogre (D:9)
  Joseph (D:10)
  A troll (D:9)
  The ghost of drd the Charmwright, an amateur GnSk (D:5)
  A hippogriff (D:9)
  3 wraiths (D:10)
  Grum (D:10)
  The ghost of Dommiel19 the Firebug, an amateur DEFE of Vehumet (D:4)
  A water moccasin (D:9)
  An orc warrior (D:10)
  A boggart (D:8)
  A wolf (D:10)
  2 bullfrogs
  A gnoll sergeant (D:10)
  A scorpion (D:5)
  2 howler monkeys (D:10)
  A hound (D:7)
  2 orc priests
  4 orc wizards
  Natasha (D:3)
  2 worker ants
  2 adders
  2 gnolls (D:10)
  An ooze (D:5)
  6 orcs
  A jackal (D:6)
  A kobold (D:7)
44 creatures vanquished.

Vanquished Creatures (others)
  The ghost of martbhell the Basher, a novice MiBe of Trog (D:8)
  8 fungi (D:8)
  2 plants (D:8)
11 creatures vanquished.

Grand Total: 249 creatures vanquished

Notes
Turn   | Place    | Note
-------+----------+-------------------------------------------
     0 | D:1      | Ivernyr the Demonspawn Skald began the quest for the Orb.
     0 | D:1      | Reached XP level 1. HP: 16/16 MP: 3/3
    49 | D:1      | Reached skill level 1 in Armour
   388 | D:1      | Gained mutation: When seriously injured, your bleeding wounds create armour. (AC +6) [demonic ancestry]
   388 | D:1      | Reached XP level 2. HP: 22/22 MP: 5/5
  1102 | D:2      | Learned a level 2 spell: Song of Slaying
  1105 | D:2      | Learned a level 2 spell: Shroud of Golubria
  1184 | D:2      | Found an opulent altar of Gozag.
  1190 | D:2      | Gained mutation: You have a pair of small horns on your head. [demonic ancestry]
  1190 | D:2      | Reached XP level 3. HP: 26/28 MP: 6/6
  1417 | D:2      | Found a bloodstained altar of Trog.
  1434 | D:2      | Noticed Terence
  1446 | D:2      | Killed Terence
  1446 | D:2      | Reached skill level 2 in Armour
  1632 | D:2      | Noticed Robin
  1643 | D:2      | Reached XP level 4. HP: 34/34 MP: 3/7
  1655 | D:2      | Killed Robin
  2015 | D:3      | Noticed a bullfrog
  2023 | D:3      | Killed a bullfrog
  2023 | D:3      | Gained mutation: A weak demonic guardian rushes to your aid. [demonic ancestry]
  2023 | D:3      | Reached XP level 5. HP: 38/40 MP: 3/8
  2510 | D:3      | Reached skill level 3 in Armour
  2885 | D:3      | Noticed Natasha
  2901 | D:3      | Killed Natasha
  3313 | D:4      | Found a stormy altar of Qazlal.
  3327 | D:4      | Found a glowing silver altar of Zin.
  3327 | D:4      | Found a sparkling altar of Nemelex Xobeh.
  3353 | D:4      | Found a sacrificial altar of Ru.
  3353 | D:4      | Found a snail-covered altar of Cheibriados.
  3362 | D:4      | Became a worshipper of Nemelex Xobeh the Trickster
  3441 | D:4      | Received a gift from Nemelex Xobeh
  3454 | D:4      | Noticed Dommiel19's ghost (amateur DEFE)
  3468 | D:4      | Killed Dommiel19's ghost
  3468 | D:4      | Reached skill level 1 in Invocations
  3468 | D:4      | Gained mutation: You are partially covered in sharp spines. [demonic ancestry]
  3468 | D:4      | Reached XP level 6. HP: 36/47 MP: 5/9
  3658 | D:4      | Reached * piety under Nemelex Xobeh
  3658 | D:4      | Found a staircase to the Ecumenical Temple.
  3946 | D:4      | Received a gift from Nemelex Xobeh
  3949 | D:4      | Found an iron altar of Okawaru.
  4125 | D:5      | Entered Level 5 of the Dungeon
  4146 | D:5      | Reached skill level 4 in Armour
  4401 | D:5      | Noticed drd's ghost (amateur GnSk)
  4425 | D:5      | Killed drd's ghost
  4425 | D:5      | Gained mutation: You are mostly covered in sharp spines. [demonic ancestry]
  4425 | D:5      | Reached XP level 7. HP: 40/52 MP: 2/10
  4568 | D:5      | Found Rabor's Distillery.
  5077 | D:5      | Found Bomoc's Antique Armour Shoppe.
  5246 | D:6      | Reached skill level 5 in Armour
  5260 | D:6      | Found an opulent altar of Gozag.
  5441 | D:6      | Reached ** piety under Nemelex Xobeh
  5619 | D:6      | Received a gift from Nemelex Xobeh
  5680 | D:6      | Gained mutation: You have a pair of horns on your head. [demonic ancestry]
  5680 | D:6      | Reached XP level 8. HP: 32/58 MP: 9/11
  6315 | D:6      | Found a white marble altar of Elyvilon.
  6316 | D:6      | Found a blossoming altar of Fedhas.
  6333 | D:6      | Received a gift from Nemelex Xobeh
  6511 | D:7      | Reached skill level 6 in Armour
  6540 | D:7      | Reached skill level 5 in Charms
  6836 | D:7      | Reached skill level 5 in Invocations
  6931 | D:7      | Found Warphymyl's Food Boutique.
  6977 | D:7      | Noticed a hippogriff
  6986 | D:7      | Killed a hippogriff
  7230 | D:7      | Received a gift from Nemelex Xobeh
  7237 | D:7      | Reached skill level 5 in Long Blades
  7271 | D:7      | Gained mutation: You have a pair of large horns on your head. [demonic ancestry]
  7271 | D:7      | Reached XP level 9. HP: 60/63 MP: 13/13
  7292 | D:7      | Reached *** piety under Nemelex Xobeh
  7579 | D:8      | Reached skill level 7 in Armour
  7625 | D:8      | Noticed martbhell's ghost (novice MiBe)
  7902 | D:8      | Killed martbhell's ghost
  7902 | D:8      | Reached skill level 8 in Armour
  8125 | D:8      | Found a staircase to the Lair.
  8381 | D:8      | Found a shimmering altar of Xom.
  8898 | D:8      | Found a blossoming altar of Fedhas.
  8929 | D:8      | Gained mutation: A demonic guardian rushes to your aid. [demonic ancestry]
  8929 | D:8      | Reached XP level 10. HP: 70/70 MP: 12/15
  9257 | D:8      | Received a gift from Nemelex Xobeh
  9902 | D:9      | Received a gift from Nemelex Xobeh
  9977 | D:9      | Reached skill level 9 in Armour
 10066 | D:9      | Reached **** piety under Nemelex Xobeh
 10066 | D:9      | Noticed a two-headed ogre
 10074 | D:9      | Killed a two-headed ogre
 10125 | D:9      | Received a gift from Nemelex Xobeh
 10657 | D:9      | Noticed a two-headed ogre
 10661 | D:9      | Killed a two-headed ogre
 10688 | D:10     | Entered Level 10 of the Dungeon
 10770 | D:10     | Noticed Josephine
 10770 | D:10     | Noticed Grum
 10789 | D:10     | Killed Josephine
 10793 | D:10     | Killed Grum
 10895 | D:10     | Found a staircase to the Orcish Mines.
 10975 | D:10     | Reached XP level 11. HP: 75/75 MP: 17/17
 10979 | D:10     | Reached skill level 10 in Armour
 11014 | D:10     | Received a gift from Nemelex Xobeh
 11091 | D:10     | Noticed Sonja
 11193 | D:10     | Noticed Joseph
 11206 | D:10     | Killed Joseph
 11327 | D:10     | Noticed an unseen horror
 11342 | D:10     | Killed an unseen horror
 11395 | D:10     | Found Xyxizimupp's Gadget Shoppe.
 11568 | Lair:1   | Entered Level 1 of the Lair of Beasts
 11673 | Lair:1   | Slain by a crocodile

Skill      XL: |  1  2  3  4  5  6  7  8  9 10 11 |
---------------+----------------------------------+-----
Armour         | 1 2 3 4 5 6 8 9 10 | 10.3
Long Blades    | 2 3 4 5 6 7 |  7.5
Charms         | 3 4 5 6 7 |  7.7
Fighting       | 3 |  3.1
Invocations    | 1 2 4 5 7 9 |  9.7
Dodging        | |  1.7
Spellcasting   | |  2.0

Action                   |  1- 3 |  4- 6 |  7- 9 | 10-12 || total
-------------------------+-------+-------+-------+-------++-------
Melee: Falchion          |    83 |   145 |    65 |       ||   293
       Headbutt          |     2 |    30 |    43 |    39 ||   114
       Long sword        |       |       |   139 |   175 ||   314
 Fire: Blowgun           |       |     6 |       |       ||     6
 Cast: Infusion          |     1 |       |       |       ||     1
       Shroud of Golubri |     2 |    15 |    36 |    29 ||    82
       Song of Slaying   |     1 |     1 |     2 |     5 ||     9
Evoke: Deck              |       |     4 |     7 |     1 ||    12
  Use: Scroll            |       |       |     6 |     1 ||     7
 Stab: Sleeping          |     1 |       |       |     2 ||     3
       Distracted        |       |     2 |     3 |       ||     5
  Eat: Chunk             |     2 |     9 |    15 |    12 ||    38
       Ration            |       |       |     1 |       ||     1
Armor: Leather armour    |    33 |     3 |       |       ||    36
       Animal skin       |       |    41 |    61 |    20 ||   122
       Troll leather arm |       |       |       |    42 ||    42
Dodge: Dodged            |    55 |   101 |   106 |   124 ||   386
Block: Other             |       |       |    15 |    34 ||    49
       Reflection        |       |       |     1 |     1 ||     2
       Rpst.: Falchion   |    15 |    31 |    11 |       ||    57
       Long sword        |       |       |    21 |    35 ||    56
